 Dungeon Crawl Stone Soup version 0.17-a0-2231-gd80ca38 (webtiles) character file.

6883 HaroldButt the Cleaver (level 10, -10/94 HPs)
             Began as a Deep Dwarf Fighter on Oct 29, 2015.
             Was an Initiate of Makhleb.
             Rolled over by a boulder beetle (21 damage)
             ... on level 8 of the Dungeon on Oct 30, 2015.
             The game lasted 00:28:35 (6047 turns).

HaroldButt the Cleaver (Deep Dwarf Fighter)         Turns: 6047, Time: 00:28:35

Health: -10/94     AC: 15    Str: 22    XL:     10   Next: 79%
Magic:  12/12      EV: 10    Int: 15    God:    Makhleb [......]
Gold:   371        SH:  0    Dex: 15    Spells: 0 memorised, 9 levels left

rFire  . . .     SeeInvis +     y - +0 war axe (freeze)
rCold  . . .     Clarity  .     b - +0 scale mail
rNeg   . . .     SustAt   .     (no shield)
rPois  .         Gourm    .     N - +2 hat {SInv}
rElec  .         Spirit   .     (no cloak)
rCorr  +         Warding  .     o - +0 pair of gloves
rMut   .         Stasis   .     D - +2 pair of boots
MR     +....                    x - amulet of resist corrosion
Stlth  ..........               K - +6 ring of intelligence
                                n - +2 ring of strength

@: non-regenerating, somewhat resistant to hostile enchantments, extremely
unstealthy
A: damage resistance, recharge devices, sense surroundings 2, slow regeneration
3
a: Device Recharging, Renounce Religion


You were on level 8 of the Dungeon.
You worshipped Makhleb.
Makhleb was noncommittal.
You were very hungry.

You visited 2 branches of the dungeon, and saw 10 of its levels.

You collected 371 gold pieces.

Inventory:

Hand Weapons
 a - a +0 war axe
 y - a +0 war axe of freezing (weapon)
 L - a +0 blowgun
Missiles
 k - 7 steel tomahawks
 l - 14 javelins (quivered)
 m - 120 stones
 v - 33 poisoned needles
 B - 12 tomahawks
Armour
 b - a +0 scale mail (worn)
 c - a +0 shield
 o - a +0 pair of gloves (worn)
 D - a +2 pair of boots (worn)
 N - a +2 hat of see invisible (worn)
Jewellery
 n - a +2 ring of strength (left hand)
 x - an amulet of resist corrosion (around neck)
 K - a +6 ring of intelligence (right hand)
Wands
 e - a wand of heal wounds (0)
 i - a wand of flame (16)
 j - a wand of slowing (38)
 q - a wand of polymorph (11)
Scrolls
 t - 3 scrolls of amnesia
 w - a scroll of remove curse
 z - a scroll of fear
 A - 2 scrolls of enchant armour {unknown}
 C - a scroll of immolation
 J - a scroll of brand weapon {unknown}
 M - a scroll of magic mapping
 Q - a scroll of teleportation
Potions
 d - 3 potions of might
 h - a potion of resistance
 r - 3 potions of flight
 u - a potion of cure mutation
 F - a potion of lignification
 G - 4 potions of curing
 I - 2 potions of berserk rage
 P - a potion of brilliance
Books
 O - an Akashic Record

   Spells                             Type                      Level
   a - Dispersal                      Translocation                6
   b - Malign Gateway                 Summoning/Translocation      7
   c - Disjunction                    Translocation                8
   d - Controlled Blink               Translocation                8
Comestibles
 f - 5 bread rations
 g - 7 slices of pizza
 p - 2 meat rations
 s - 24 fruits
 R - a beef jerky


   Skills:
 - Level 7.0 Fighting
 + Level 12.2 Axes
 + Level 9.3 Armour
 - Level 3.2 Shields
 - Level 8.0 Evocations


You had 9 spell levels left.
You didn't know any spells.

Dungeon Overview and Level Annotations

Branches:
Dungeon (9/15)             Temple (1/1) D:6
   Lair: D:8-11         Orc: D:9-12

Altars:
Cheibriados
Dithmenos
Elyvilon
Fedhas
Gozag
Kikubaaqudgha
Makhleb
Nemelex Xobeh
Okawaru
Qazlal
Ru
Sif Muna
Trog
Vehumet
Xom
Yredelemnul
Zin
The Shining One

Shops:
D:9 =


Innate Abilities, Weirdness & Mutations

You are resistant to damage.
You can recharge devices by infusing magical energy.
You passively map the area around you.
You do not regenerate naturally.


Message History

The hippogriff is lightly wounded.
You slash the hippogriff! You freeze the hippogriff.
The hippogriff is heavily wounded.
The hippogriff bites you but does no damage.
The hippogriff closely misses you.
The hippogriff claws you but does no damage.
The boulder beetle curls into a ball and starts rolling!
You barely miss the hippogriff.
The hippogriff is heavily wounded.
The hippogriff closely misses you. x2
The hippogriff barely misses you.
You barely miss the hippogriff.
The hippogriff is heavily wounded.
The hippogriff misses you. The hippogriff barely misses you.
The hippogriff claws you but does no damage.
You slash the hippogriff! You freeze the hippogriff!
You kill the hippogriff!
Makhleb accepts your kill. The boulder beetle smashes into you!
You die...

#.# ...,, * #..# # #K# ,
, , ,, * , #.# * * * ,,
, , #.# * * , * * ..# ,
,* , * * ### .### * *
....., *
......##################
* #...@B§§§§......|...#
* #.###################
* , #.### ,* , ,, #....
, * * ,,, ##### , * * *
* #. .# #### #.# #.# * *
##...## #.# #.# , ,,,


You could see a boulder beetle.

Vanquished Creatures
  Gastronok (D:9)
  The ghost of tp1 the Thaumaturge, a novice DEWz of Vehumet (D:9)
  Joseph (D:7)
  Sigmund (D:2)
  8 yaks
  3 hippogriffs
  An orc warrior (D:7)
  Duvessa (D:4)
  3 sky beasts
  3 ice beasts
  A phantom (D:4)
  2 ogres
  2 centaurs
  4 big kobolds
  Blork the orc (D:5)
  3 giant frogs (D:7)
  Dowan (D:4)
  A scorpion (D:4)
  2 crimson imps
  A centaur zombie (D:9)
  A giant frog skeleton (D:9)
  3 hounds
  A jelly (D:6)
  2 orc priests (D:7)
  3 orc wizards
  An iguana (D:7)
  8 worker ants
  2 sheep (D:8)
  A killer bee zombie (D:9)
  A hound zombie (D:7)
  4 adders
  14 gnolls
  A shadow imp (D:7)
  3 oozes
  2 adder zombies
  3 adder skeletons
  2 worms
  13 orcs
  2 ball pythons (D:6)
  8 giant cockroaches
  7 hobgoblins
  8 jackals
  9 kobolds
  A quokka (D:2)
  6 bats
  A giant gecko zombie (D:8)
  8 giant newts
  10 goblins
  A quokka skeleton (D:4)
  5 rats
172 creatures vanquished.

Vanquished Creatures (others)
  A giant newt (D:3)
1 creature vanquished.

Grand Total: 173 creatures vanquished

Notes
Turn   | Place    | Note
--------------------------------------------------------------
     0 | D:1      | HaroldButt the Deep Dwarf Fighter began the quest for the Orb.
     0 | D:1      | Reached XP level 1. HP: 20/20 MP: 1/1
    78 | D:1      | Reached XP level 2. HP: 27/27 MP: 2/2
   728 | D:2      | Reached XP level 3. HP: 26/33 MP: 3/3
   763 | D:2      | Reached skill level 4 in Axes
   804 | D:2      | Reached XP level 4. HP: 36/40 MP: 4/4
   966 | D:2      | Reached skill level 5 in Axes
  1050 | D:2      | Noticed Sigmund
  1058 | D:2      | Killed Sigmund
  1058 | D:2      | Reached skill level 6 in Axes
  1058 | D:2      | Reached XP level 5. HP: 25/46 MP: 5/5
  1412 | D:3      | Found a white marble altar of Elyvilon.
  1422 | D:3      | Found an opulent altar of Gozag.
  1571 | D:3      | Reached skill level 7 in Axes
  1571 | D:3      | Reached XP level 6. HP: 29/55 MP: 6/6
  1652 | D:3      | Found a bloodstained altar of Trog.
  1725 | D:3      | Found an iron altar of Okawaru.
  1842 | D:3      | Noticed an ogre
  1857 | D:3      | Killed an ogre
  1937 | D:3      | Found a snail-covered altar of Cheibriados.
  1937 | D:3      | Found a deep blue altar of Sif Muna.
  2167 | D:4      | Noticed Dowan
  2168 | D:4      | Noticed Duvessa
  2181 | D:4      | Reached skill level 8 in Axes
  2186 | D:4      | Killed Duvessa
  2186 | D:4      | Reached XP level 7. HP: 45/61 MP: 7/7
  2201 | D:4      | Killed Dowan
  2201 | D:4      | Reached skill level 9 in Axes
  2378 | D:4      | Found a sacrificial altar of Ru.
  2870 | D:5      | Entered Level 5 of the Dungeon
  2901 | D:5      | Reached skill level 1 in Evocations
  2959 | D:5      | Noticed Blork the orc
  2969 | D:5      | Killed Blork the orc
  2969 | D:5      | Reached XP level 8. HP: 39/73 MP: 7/9
  3241 | D:5      | Reached skill level 5 in Fighting
  3517 | D:6      | Reached skill level 5 in Evocations
  3623 | D:6      | Found a glowing golden altar of the Shining One.
  3755 | D:6      | Gained mutation: You passively map the area around you. [Deep Dwarf growth]
  3755 | D:6      | Reached XP level 9. HP: 26/85 MP: 11/13
  3854 | D:6      | Found a staircase to the Ecumenical Temple.
  3862 | Temple   | Entered the Ecumenical Temple
  4319 | D:7      | Found a stormy altar of Qazlal.
  4331 | D:7      | Noticed Joseph
  4374 | D:7      | Killed Joseph
  4410 | D:7      | Found a shadowy altar of Dithmenos.
  4492 | D:7      | Reached skill level 5 in Armour
  4508 | D:7      | Found a shimmering altar of Xom.
  4557 | D:7      | Reached skill level 10 in Axes
  4650 | D:7      | Found an ancient bone altar of Kikubaaqudgha.
  5113 | D:8      | Reached XP level 10. HP: 25/94 MP: 15/15
  5146 | D:8      | Noticed a three-headed hydra
  5192 | D:9      | Noticed tp1's ghost (novice DEWz)
  5228 | D:9      | Killed tp1's ghost
  5228 | D:9      | Reached skill level 11 in Axes
  5315 | D:9      | Found Zuoschyez's Jewellery Emporium.
  5317 | D:9      | Noticed Gastronok
  5368 | D:9      | Killed Gastronok
  5508 | D:9      | Reached skill level 12 in Axes
  5889 | D:8      | Found a blossoming altar of Fedhas.
  5925 | D:8      | Found a burning altar of Makhleb.
  5931 | D:8      | Became a worshipper of Makhleb the Destroyer
  6047 | D:8      | Rolled over by a boulder beetle

Vault maps used:
D:1:      minmay_arrival_diagonal_passages, minmay_misc_feat_tower
D:2:      uniq_sigmund
D:3:      kennysheep_okawaru_gauntlet, nicolae_overflow_crystal_walls,
          bloody_trog, gammafunk_temple_overflow_elements, elyvilon_altar_4
D:4:      first_bread, hangedman_ru_absence, uniq_duvessa
D:5:      nrook_mini_vaults, feat_on_display, uniq_blork_the_orc
D:6:      lemuel_crystal_altar, minmay_temple_entry_statues_fountains
D:7:      grunt_temple_overflow_open, uniq_joseph
D:8:      boulder_corridor_run, makhleb_grotto_becter, kennysheep_mini_moat,
          grunt_decor_fettered, hangedman_ranch, minmay_misc_feat_square
D:9:      nicolae_whirlpool, overflow_temple_1_default, serial_shops,
          nicolae_shop_temple_entry_statues_fountains,
          nicolae_shop_temple_entry_statues_fountains, nicolae_shop_waterfront,
          minmay_misc_feat_four_crosses, uniq_gastronok
Temple:   hc_temple_tempest_star_small

Action                   |  1- 3 |  4- 6 |  7- 9 | 10-12 || total
-------------------------+-------+-------+-------+-------++-------
Melee: War axe           |    77 |    98 |   366 |   124 ||   665
Throw: Stone             |       |    27 |       |       ||    27
       Tomahawk          |       |     5 |       |       ||     5
       Javelin           |       |       |     4 |       ||     4
 Abil: Device Recharging |       |       |     1 |     3 ||     4
Evoke: Wand              |     1 |     2 |    14 |    11 ||    28
  Use: Scroll            |       |       |    17 |     3 ||    20
       Potion            |       |       |       |     1 ||     1
  Eat: Chunk             |       |     4 |     9 |     3 ||    16
